 Dungeon Crawl Stone Soup version 0.21.1-1-g345015f (webtiles) character file.

568 inc the Changer (level 7, 28/28 HPs)
             Began as a Felid Transmuter on Mar 14, 2018.
             Quit the game on level 7 of the Dungeon.
             The game lasted 00:11:20 (8248 turns).

inc the Changer (Felid Transmuter)                  Turns: 8248, Time: 00:11:20

Health: 28/28      AC:  2    Str:  6    XL:     7   Next: 11%
Magic:  12/12      EV: 23    Int: 17    God:
Gold:   317        SH:  0    Dex: 16    Spells: 1/12 levels left
                                        Lives:  0   Deaths: 2

rFire    . . .     SeeInvis +     - Unarmed
rCold    . . .     Gourm    .   (shield unavailable)
rNeg     . . .     Faith    .   (armour unavailable)
rPois    .         Spirit   .   (helmet unavailable)
rElec    .         Reflect  .   (cloak unavailable)
rCorr    .         Harm     +   (gloves unavailable)
MR       +....                  (boots unavailable)
Stlth    +++++.....             A - amulet of harm
HPRegen  0.09/turn              t - ring of wizardry
MPRegen  0.13/turn              l - ring of stealth

@: quick
A: very small, no armour, no weapons or thrown items, stealth, claws 1, fangs 3,
see invisible, carnivore, speed 1, shaggy fur 2, slow metabolism 1, sharp paws
a: no special abilities


You were on level 7 of the Dungeon.
You were not hungry.

You visited 1 branch of the dungeon, and saw 7 of its levels.

You collected 317 gold pieces.

Inventory:

Missiles
 a - 196 arrows
Jewellery
 i - an uncursed ring of protection from magic
 l - a ring of stealth (right paw)
 n - an uncursed ring of wizardry
 s - an uncursed ring of wizardry
 t - a ring of wizardry (left paw)
 x - an uncursed ring of flight
 y - an uncursed ring of flight
 z - an uncursed ring of positive energy
 A - an amulet of harm (around neck)
 B - an uncursed amulet of magic regeneration {unknown}
Wands
 h - a wand of random effects (31)
 D - a wand of disintegration (6)
Scrolls
 f - 2 scrolls of teleportation {unknown}
 g - 2 scrolls of enchant armour
 j - a scroll of immolation {unknown}
 m - 3 scrolls of amnesia {unknown}
 o - a scroll of blinking {unknown}
 p - 4 scrolls of remove curse {unknown}
 q - 2 scrolls of fear {unknown}
 C - a scroll of enchant weapon {unknown}
Potions
 d - a potion of flight
 e - a potion of magic
 k - 3 potions of curing
 r - a potion of agility
 u - a potion of mutation {unknown}
 v - a potion of brilliance {unknown}
 w - a potion of haste
Books
 b - a book of Changes

   Spells                             Type                      Level
   a - Beastly Appendage              Transmutation                1
   b - Sticks to Snakes               Transmutation                2
   c - Spider Form                    Transmutation/Poison         3
   d - Ice Form                       Ice/Transmutation            4
   e - Blade Hands                    Transmutation                5
Comestibles
 c - 8 rations


   Skills:
 - Level 1.0 Fighting
 + Level 7.6 Dodging
 - Level 7.5 Stealth
 - Level 3.0 Unarmed Combat
 - Level 3.0 Spellcasting
 - Level 7.8 Transmutations


You had one spell level left.
You knew the following spells:

 Your Spells              Type           Power        Failure   Level  Hunger
a - Beastly Appendage     Tmut           ####..       1%          1    None
b - Sticks to Snakes      Tmut           ####....     1%          2    ##.....
c - Spider Form           Tmut/Pois      ###.......   4%          3    ###....
d - Blade Hands           Tmut           ####......   8%          5    ######.


Dungeon Overview and Level Annotations

Branches:
Dungeon (7/15)
 Temple: D:4-7

Altars:
Dithmenos
Kikubaaqudgha
Nemelex Xobeh
Qazlal
Sif Muna
Xom

Annotations:
D:4 inc's ghost, amateur FeTm


Innate Abilities, Weirdness & Mutations

You cannot wear armour.
You are incapable of wielding weapons or throwing items.
Your paws allow you to move quietly. (Stealth)
You have sharp claws.
You have razor-sharp teeth.
You have supernaturally acute eyesight. (SInv)
You are carnivorous and can eat meat at any time.
You cover ground quickly.
You are covered in thick fur. (AC +2)
You have a slow metabolism.
Your sharp claws are effective at attacking unaware monsters.


Message History

The worker ant bites you but does no damage.
You slash the worker ant!
You kill the worker ant!
You hear a shout!
A gnoll comes into view. It is wielding a spear.
You slash the gnoll!
The gnoll is almost dead.
The gnoll barely misses you.
The gnoll hits you from afar with a spear.
You hit the gnoll.
You kill the gnoll!
The gnoll hits you from afar with a spear!
* * * LOW HITPOINT WARNING * * *
The gnoll hits you with a spear.
You die...
Your shape twists and changes as you die.
You are now level 7!
Your front paws revert to their normal proportions.
You rejoin the land of the living...
Are you sure you want to abandon this character and quit the game? (Confirm with "yes".)

#### #..
#####.####
#....@...#
#.###.##.....
#.# #.# #..
###


There were no monsters in sight!

Vanquished Creatures
  An ice beast (D:7)
  A phantom (D:6)
  A necrophage (D:5)
  An ogre (D:5)
  2 centaurs
  A bullfrog (D:6)
  A howler monkey (D:5)
  4 crimson imps (D:5)
  3 hounds
  2 orc priests
  A centaur skeleton (D:5)
  3 orc wizards
  A gnoll shaman (D:5)
  2 bullfrog skeletons (D:6)
  4 iguanas
  Natasha (D:2)
  3 worker ants
  A hound skeleton (D:5)
  A worker ant zombie (D:5)
  4 gnolls
  A howler monkey skeleton (D:4)
  4 adders
  2 oozes
  An adder skeleton (D:4)
  3 leopard geckos
  9 orcs
  7 giant cockroaches
  3 goblins (D:1)
  5 hobgoblins
  6 jackals
  A quokka (D:5)
  3 ball pythons
  7 bats
  4 frilled lizards
  A jackal zombie (D:5)
  6 kobolds
  2 quokka skeletons
  2 quokka zombies
  7 rats
112 creatures vanquished.

Vanquished Creatures (collateral kills)
  A gnoll (D:5)
  A worm (D:2)
2 creatures vanquished.

Grand Total: 114 creatures vanquished

Notes
Turn   | Place    | Note
-------+----------+-------------------------------------------
     0 | D:1      | inc the Felid Transmuter began the quest for the Orb.
     0 | D:1      | Reached XP level 1. HP: 9/9 MP: 4/4
   578 | D:1      | Reached XP level 2. HP: 5/12 MP: 4/6
   599 | D:1      | Learned a level 2 spell: Sticks to Snakes
  1328 | D:1      | Reached XP level 3. HP: 15/15 MP: 7/7
  1906 | D:2      | Noticed Natasha
  2299 | D:2      | Killed Natasha
  2299 | D:2      | Reached XP level 4. HP: 9/19 MP: 6/8
  2498 | D:3      | Learned a level 3 spell: Spider Form
  2830 | D:3      | Found a sparkling altar of Nemelex Xobeh.
  2830 | D:3      | Found an ancient bone altar of Kikubaaqudgha.
  2831 | D:3      | Found a deep blue altar of Sif Muna.
  2838 | D:3      | Reached skill level 1 in Stealth
  3858 | D:4      | Noticed a centaur
  3875 | D:4      | Killed a centaur
  3875 | D:4      | Reached XP level 5. HP: 4/22 MP: 5/9
  4156 | D:4      | Reached skill level 5 in Stealth
  4281 | D:4      | Found a shimmering altar of Xom.
  4308 | D:4      | Noticed inc's ghost (amateur FeTm)
  4722 | D:4      | Gained mutation: You are covered in thick fur. (AC +2) [Felid growth]
  4722 | D:4      | Reached XP level 6. HP: 25/25 MP: 7/10
  5142 | D:5      | Entered Level 5 of the Dungeon
  5240 | D:5      | Found a stormy altar of Qazlal.
  5437 | D:5      | Reached skill level 5 in Transmutations
  5437 | D:5      | Reached XP level 7. HP: 28/28 MP: 11/11
  5894 | D:5      | Slain by an ogre
  5895 | D:5      | Reached XP level 6. HP: 0/25 MP: 8/10
  6204 | D:5      | Reached XP level 7. HP: 28/28 MP: 11/11
  6837 | D:6      | Found a shadowy altar of Dithmenos.
  6897 | D:6      | Learned a level 5 spell: Blade Hands
  7146 | D:6      | Reached skill level 5 in Dodging
  8145 | D:7      | Reached XP level 8. HP: 14/32 MP: 7/13
  8247 | D:7      | Slain by a gnoll
  8248 | D:7      | Reached XP level 7. HP: 0/28 MP: 9/12
  8248 | D:7      | Quit the game

Skill      XL: |  1  2  3  4  5  6  7 |
---------------+----------------------+-----
Dodging        | 3 4 7 |  7.6
Transmutations | 3 7 6 |  7.8
Stealth        | 4 6 7 |  7.5
Spellcasting   | 3 |  3.0
Fighting       | |  1.0
Unarmed Combat | |  3.0

Action                   |  1- 3 |  4- 6 |  7- 9 || total
-------------------------+-------+-------+-------++-------
Melee: Unarmed           |   104 |   139 |   131 ||   374
       Bite              |    13 |     6 |    10 ||    29
       Headbutt          |     3 |     2 |     2 ||     7
       Punch             |       |       |     1 ||     1
 Cast: Beastly Appendage |     7 |     5 |     3 ||    15
       Sticks to Snakes  |     1 |       |     1 ||     2
       Spider Form       |       |     5 |     3 ||     8
       Blade Hands       |       |       |     6 ||     6
  Use: Potion            |       |     2 |     1 ||     3
       Scroll            |       |     4 |     3 ||     7
 Stab: Sleeping          |     5 |    17 |    14 ||    36
       Distracted        |       |       |     1 ||     1
  Eat: Chunk             |     5 |     3 |     6 ||    14
       Ration            |       |     1 |       ||     1
Armor: Skin              |     2 |     2 |     3 ||     7
Dodge: Dodged            |    90 |   109 |    99 ||   298
